Cogmind - Beta 12 @@@ ROGUE MODE // 2023.06.24 @ 22:51:28 Player: Kaijuface Result: Smashed by cave-in Performance ------------- Evolutions (0) 0 Regions Visited (2) 400 Robots Destroyed (23) 115 Value Destroyed (577) 577 Prototype IDs (0) 0 Alien Tech Used (0) 0 Bonus (-48) -48 TOTAL SCORE: 1044 Bonus ------- Friendly Fire -48 Cogmind --------- Core Integrity 0/250 Matter 500/500 Energy 158/160 System Corruption 6% Temperature Cool (0) Movement Core (900) Ox17 Location -10/Mines Parts ------- > --- POWER (1) -------- Light Nuclear Core > --- PROPULSION (2) --- (None) > --- UTILITY (2) ------ High-capacity Storage Unit High-capacity Matter Pod > --- WEAPON (2) ------- Small Laser Rocket Launcher > --- INVENTORY (20) --- Improved Aluminum Leg Improved Aluminum Leg Hover Unit ECM Suite Shield Generator Assault Rifle Mini Grenade Launcher Datajack Peak State ------------ > --- POWER ------------ Ion Engine > --- PROPULSION ------- Improved Aluminum Leg Improved Aluminum Leg > --- UTILITY ---------- High-capacity Storage Unit Shield Generator > --- WEAPON ----------- Assault Rifle Mini Grenade Launcher > --- INVENTORY -------- Light Ion Engine Wheel Wheel [Rating: 11] Favorites ----------- Power Light Ion Engine Engine Light Ion Engine Power Core Light Nuclear Core Propulsion Hover Unit Leg Improved Aluminum Leg Wheel Wheel Hover Unit Hover Unit Utility High-capacity Storage Unit Device Shield Generator Storage High-capacity Storage Unit Processor Terrain Scan Processor Weapon Mining Laser Energy Gun EM Pulse Gun Ballistic Gun Assault Rifle Launcher Mini Grenade Launcher Special Weapon Mining Laser Special Melee Weapon Datajack Build | -11 -10 -10 ------- Run | Jun Mat Min Slots Evolved . | . . . Power . | . . . Propulsion . | . . . Utility . | . . . Weapon . | . . . Parts Attached 33 | 8 20 5 Power 4 | 2 1 1 Engine 3 | 2 1 . Core 1 | . . 1 Reactor . | . . . Propulsion 14 | 4 8 2 Treads . | . . . Leg 6 | 2 4 . Wheel 6 | 2 2 2 Hover 2 | . 2 . Flight . | . . . Utility 6 | . 6 . Device 3 | . 3 . Storage 2 | . 2 . Processor 1 | . 1 . Hackware . | . . . Protection . | . . . Artifact . | . . . Weapon 9 | 2 5 2 Energy Gun 3 | 2 . 1 Energy Cannon . | . . . Ballistic Gun 1 | . 1 . Ballistic Cannon . | . . . Launcher 3 | . 2 1 Special Weapon 1 | . 1 . Impact Weapon . | . . . Slashing Weapon . | . . . Piercing Weapon . | . . . Special Melee Weapon 1 | . 1 . Unidentified Prototypes . | . . . Corrupted Parts 1 | 1 . . System Corruption 1 | 1 . . Parts Lost 4 | . 2 2 Power 1 | . 1 . Propulsion 2 | . . 2 Utility . | . . . Weapon 1 | . 1 . Highest Loss Streak 2 | . 1 2 To Critical Strikes . | . . . Average Slot Usage (%) 98 | . 98 100 Engine 12 | . 13 7 Core 1 | . . 7 Leg 6 | . 8 . Wheel 6 | . 3 14 Hover 15 | . 15 13 Device 7 | . 9 . Storage 18 | . 16 28 Energy Gun 1 | . 1 1 Ballistic Gun 3 | . 4 . Launcher 7 | . 5 13 Special Weapon 9 | . 8 12 Special Melee Weapon 6 | . 8 . Naked Turns . | . . . Heaviest Build 54 | 8 50 54 Greatest Support 26 | 20 26 20 Greatest Overweight (x) 4 | . 4 4 Average Overweight (x) 1 | . 1 2 Largest Inventory Capacity 20 | 5 20 20 Average Capacity 17 | 5 18 20 Most Carried 10 | 5 9 10 Average Carried 6 | 2 5 8 Final Capacity 20 | 5 20 20 Final Carried 8 | 4 8 8 Class Distribution -------------------- 100% | Mutant Dominant Class ---------------- Mutant | -10/Materials Mutant | -10/Mines Resources | -11 -10 -10 ----------- Run | Jun Mat Min Matter Collected 1001 | 280 207 514 Remotely . | . . . Salvage Created 405 | 73 257 75 Parts 32 | 3 21 8 Haulers Intercepted . | . . . Recyclers Shooed 1 | . 1 . Parts Field Recycled . | . . . Retrieved Matter . | . . . Parts Self-Destructed . | . . . Prevented . | . . . Kills | -11 -10 -10 ------- Run | Jun Mat Min Combat Hostiles Destroyed 17 | 1 10 6 Guns 3 | 1 2 . Cannons 1 | . 1 . AOE 13 | . 7 6 Classes Destroyed 7 | 2 3 2 Worker 2 | 1 . 1 Builder 3 | . 3 . Operator 1 | . 1 . Watcher 1 | . 1 . Swarmer 3 | . . 3 Grunt 13 | 1 10 2 Assembled 1 | . . 1 Best Kill Streak 7 | 1 7 6 Combat Bots Only 5 | 1 4 5 Max Kills in Single Turn 2 | 1 2 2 Gunslinging . | . . . Exploded 1 | . 1 1 Melee . | . . . Uniques/NPCs Destroyed . | . . . Combat | -11 -10 -10 -------- Run | Jun Mat Min Damage Taken 821 | 69 366 386 Core 289 | 12 134 143 Absorbed by Shields 83 | . 83 . Core Remaining (%) 95 | 95 . . Volleys Fired 45 | 6 28 11 Largest 2 | 2 2 1 Hottest 100 | 80 100 33 Shots Fired 69 | 12 46 11 Gun 37 | 12 25 . Cannon . | . . . Launcher 29 | . 18 11 Special 3 | . 3 . Kinetic 12 | . 12 . Thermal 9 | 6 3 . Explosive 29 | . 18 11 Electromagnetic 19 | 6 13 . Robot Hit Streak 8 | 8 5 5 Robot Miss Streak 4 | 1 4 2 Penetration Max . | . . . Secondary Targets . | . . . Shots Hit Robots 50 | 9 35 6 Core Hits 32 | 3 20 9 Critical Kills . | . . . Critical Parts Destroyed . | . . . Critical Strikes 1 | . 1 . Corrupt 1 | . 1 . Melee Attacks 10 | . 10 . Impact . | . . . Slashing . | . . . Piercing . | . . . Sneak Attacks 4 | . 4 . Combat Hostiles . | . . . Follow-up Attacks . | . . . Damage Inflicted 1928 | 112 1265 551 Guns 264 | 112 152 . Cannons . | . . . Explosions 1569 | . 1018 551 Melee . | . . . Ramming 23 | . 23 . Kinetic 35 | . 35 . Thermal 116 | 44 72 . Explosive 1569 | . 1018 551 Electromagnetic 185 | 68 117 . Impact . | . . . Slashing . | . . . Piercing . | . . . Highest Corruption 1 | 1 1 1 Average Corruption 1 | 1 1 1 Corruption Purged . | . . . Corruption Blocked . | . . . Effects 11 | . 8 3 Message Errors 1 | . 1 . Matter Fused 2 | . 2 . Heat Flow Errors 3 | . 3 . Parts Fused 1 | . . 1 Data Loss (minor) 2 | . 1 1 Data Loss (major) 1 | . 1 . Alerts 1 | . . 1 Overload Shots . | . . . Overflow Damage 219 | . 72 147 Projectiles 19 | . 19 . Explosions 200 | . 53 147 Melee . | . . . Knockbacks 1 | . 1 . Impact 1 | . 1 . Kinetic . | . . . Secondary . | . . . Self-Inflicted Damage 269 | . 213 56 Shots 12 | . 9 3 Rammed . | . . . Targets Rammed 3 | . 3 . Kicked 3 | . 3 . Crushed . | . . . Highest Temperature 230 | 120 230 17 Average Temperature 47 | 58 47 11 Received Heat Transfer 173 | 36 110 27 Siege Activations . | . . . Robots Corrupted . | . . . Combat Hostiles . | . . . Parts Fried 1 | 1 . . Impact Corruptions . | . . . Robots Melted . | . . . Combat Hostiles . | . . . Parts Melted . | . . . Heat Transferred 250 | 100 150 . Parts Sabotaged . | . . . Parts Stolen . | . . . Parts Stripped . | . . . Power Chain Reactions . | . . . Missiles Intercepted . | . . . Alert | -11 -10 -10 ------- Run | Jun Mat Min Peak Influence 350 | 25 350 203 Initial 16 | . 16 . Average 142 | 6 162 112 Maximum Alert Level 1 | . 1 1 Low Security (%) 56 | 100 49 65 Level 1 43 | . 50 34 Level 2 . | . . . Level 3 . | . . . Level 4 . | . . . Level 5 . | . . . High Security . | . . . Max Security . | . . . Squads Dispatched 5 | . 5 . Investigation 3 | . 3 . Extermination . | . . . Reinforcement 2 | . 2 . Assault . | . . . Garrison . | . . . Intercept . | . . . Searches Triggered . | . . . Construction Impeded . | . . . Haulers Reinforced . | . . . Active Scanning Responses . | . . . Cargo Convoy Interrupts . | . . . Stealth | -11 -10 -10 --------- Run | Jun Mat Min Distress Signals 1 | . 1 . Communications Jammed . | . . . Distress Signals . | . . . Times Spotted 25 | 1 16 8 Peak Tracking Total 3 | 1 3 3 Tactical Retreats 2 | . 2 . Traps | -11 -10 -10 ------- Run | Jun Mat Min Traps Triggered 1 | . 1 . Indirectly . | . . . Trap Hack Attempts . | . . . Triggered . | . . . Disarmed . | . . . Reprogrammed . | . . . Reused . | . . . Traps Extracted . | . . . Installed . | . . . Triggered . | . . . Machines | -11 -10 -10 ---------- Run | Jun Mat Min Machines Disabled 4 | . 4 . Max in Single Turn 2 | . 2 . Machines Repaired . | . . . Machines Sabotaged . | . . . Overloaded Fab Kills . | . . . Hacking | -11 -10 -10 --------- Run | Jun Mat Min Machines Accessed 5 | . 5 . Terminals 3 | . 3 . Fabricators . | . . . Repair Stations 1 | . 1 . Recycling Units 1 | . 1 . Scanalyzers . | . . . Garrison Access . | . . . Total Hacks 14 | . 14 . Successful 7 | . 7 . Failed 7 | . 7 . Catastrophic 1 | . 1 . Database Lockouts . | . . . Manual . | . . . Terminals 6 | . 6 . Fabricators . | . . . Repair Stations 3 | . 3 . Recycling Units 5 | . 5 . Scanalyzers . | . . . Garrison Access . | . . . Terminal Hacks 1 | . 1 . Alert Level 1 | . 1 . Fabricator Hacks . | . . . Repair Station Hacks 1 | . 1 . Scan Component 1 | . 1 . Recycling Unit Hacks 5 | . 5 . Process 1 | . 1 . Report Inventory 3 | . 3 . Retrieve Matter 1 | . 1 . Scanalyzer . | . . . Garrison Access Hacks . | . . . Unauthorized Hacks . | . . . Terminals . | . . . Fabricators . | . . . Repair Stations . | . . . Recycling Units . | . . . Scanalyzers . | . . . Garrison Access . | . . . Data Cores Recovered . | . . . Used . | . . . Hacking Detections 5 | . 5 . Full Trace Events 2 | . 2 . Feedback Events . | . . . Feedback Blocked . | . . . Robot Schematics Acquired . | . . . Robots Built . | . . . Authchips . | . . . Time . | . . . Total Robot Build Rating . | . . . Part Schematics Acquired . | . . . Parts Built . | . . . Authchips . | . . . Time . | . . . Total Part Build Rating . | . . . Parts Repaired . | . . . Time . | . . . Parts Recycled . | . . . Recycled Matter 59 | . 59 . Retrieved Matter 59 | . 59 . Retrieved Components . | . . . Parts Scanalyzed . | . . . Part Schematics Acquired . | . . . Parts Damaged . | . . . Bothacking | -11 -10 -10 ------------ Run | Jun Mat Min Used RIF Installer . | . . . Robots Hacked 4 | . 4 . Non-combat 3 | . 3 . Combat 1 | . 1 . Robot Hacks Applied 8 | . 8 . parse_system 4 | . 4 . no_distress 2 | . 2 . find_recycling 1 | . 1 . check_alert 1 | . 1 . Relay Couplers Released . | . . . Fabnet Peak Effective % . | . . . Robots Rewired . | . . . Allies Hacked . | . . . Hacks Repelled . | . . . Allies | -11 -10 -10 -------- Run | Jun Mat Min Total Allies . | . . . Largest Group . | . . . Highest-Rated Group . | . . . Highest-Rated Ally . | . . . Total Orders . | . . . Ally Attacks . | . . . Total Damage . | . . . Kills . | . . . Allies Corrupted . | . . . Allies Melted . | . . . Intel | -11 -10 -10 ------- Run | Jun Mat Min Robot Analysis Total . | . . . Derelict Logs Recovered 1 | . . 1 Drone Launches . | . . . Drone Recoveries . | . . . Exploration | -11 -10 -10 ------------- Run | Jun Mat Min Turns Passed 1792 | 109 1322 361 Spaces Moved 900 | 98 594 208 Core 29 | 29 . . Treads . | . . . Legs 182 | . 182 . Wheels 362 | 69 139 154 Hover 327 | . 273 54 Flight . | . . . Fastest Speed 50 | 50 80 110 Average Speed 175 | 71 198 158 Slowest Speed 296 | 80 296 296 Overloaded Moves . | . . . Propulsion Burnouts . | . . . Robots Hopped . | . . . Cave-ins Triggered 1 | . . 1 Exploration Rate (%) 42 | 7 65 54 Regions Visited 2 Branch Regions 1 Pre-discovered Areas . | . . . Known Exits Taken . | . . . Unknown Exits Taken 2 | 1 1 . Scrap Searched 2 | . . 2 Spaces Dug . | . . . Terrain Destroyed 177 | . 79 98 Melee . | . . . Projectile . | . . . AOE 177 | . 79 98 Terrain Rammed . | . . . Walls Destroyed . | . . . Machines Disabled . | . . . Actions | -11 -10 -10 --------- Run | Jun Mat Min Total 1046 | 126 689 231 Wait 4 | 3 1 . Move 897 | 97 593 207 Hop . | . . . Pick Up 27 | 9 15 3 Fast Attach . | . . . Attach 32 | 8 19 5 Detach 18 | 3 13 2 Swap 1 | . 1 . Drop 9 | . 6 3 Fire 45 | 6 28 11 Melee 10 | . 10 . Ram . | . . . Kick 3 | . 3 . Crush . | . . . Escape Stasis . | . . . Rewire . | . . . Trap . | . . . Miscellaneous . | . . . Route ------- -11/Junkyard -10/Materials (discovered 3 exits: [*Mat] / [*Min x2]) -10/Mines (discovered 2 exits: [*Mat x2]) History --------- Turn | Location | Event 2 | -11/Junkyard | Met Revision 17 70 | -11/Junkyard | Discovered new exit (range 8) 110 | -11/Junkyard | Entered Materials 319 | -10/Materials | Build established: Mutant 376 | -10/Materials | Discovered new exit (range 12) 466 | -10/Materials | Discovered new exit (range 13) 810 | -10/Materials | Core integrity fell below 50% 840 | -10/Materials | Discovered new exit (range 15) 1432 | -10/Materials | Entered Mines 1439 | -10/Mines | Received a Rocket Launcher from a helpful Derelict 1447 | -10/Mines | Learned Materials security intel 1512 | -10/Mines | Discovered new exit (range 10) 1630 | -10/Mines | Assembled infested the area 1635 | -10/Mines | Assisted by a Guerilla fighting off Assembled 1765 | -10/Mines | Discovered new exit (range 6) 1793 | -10/Mines | Crushed by falling debris 1793 | -10/Mines | Smashed by cave-in Last Messages --------------- Found ECM Suite. Found 17 Matter. Acquired 17 matter. Extracted 150 matter. Extracted 200 matter. Extracted 42 matter. Dropped Mining Laser. Acquired Sml. Laser. EXIT=FOUND Acquired 8 matter. System corrupted: IFF burst signal emitted. Acquired 2 matter. The unstable cave ceiling collapses. Crushed by falling debris. [Achievement: Unlikely Earthworm] Wheel destroyed. System corrupted by crushing effect (+2). Wheel destroyed. System corrupted by crushing effect (+3). [Achievement: First Step to Greatness] Map ----- +----------------------------------------------------+ | ?## ########?????### #??? #?????????? | | ?# ####### ##??? #?????????? | | ## # # #???## ?????????? | | #????? ?????????? | | ## # ##????? ?????????? | | ## # #######?????? ?????????? | | ?# ## #### #????????????????????????? | | ?# ###### ### #?# ##????????????????????????? | | ?# #????#####?###?###?????????????????????????? | | ## ##?????????????????????????????????????????? | | # ###???????????????????????????????????????? | | # ##??????????????????????????????????????? | | ## #??????????????????????????????????????? | | ## ##?????????????????????????????????????? | | # # #???????????????##????????????????????? | | # ##??????????????? ????????????????????? | | # ##?????????????? ##???????????????????? | | ## #???????????#?? # ???????????????????? | | #### ############ ?? #????????????????????? | | ???# # ## ? #???????????????????? | | ???# %%%% # ???????????????????? | | ???# ## = ????????????????????? | | ???## # #?#% " ?????????????????????? | | ????#### ##?#= ? #?????????????????????? | | ???????### ##??## # #?????????????????????? | | ?????????# #???# * %# @#??????????????????????? | | ?????????# ##??# # # #??????????????????????? | | ?????????# !#??##! ## ## #??????????????????????? | | ?????#####!##??# # % #####????????????????????? | | ####?# = #???# % #????????????????????? | | #?# #####???## * % !#????????????????????? | | #?# #????????### # ### |=%#??????????????????? | | #?# #######????##!###??#####??????????????????? | | ! !### ##???## #???????????????????????????? | | ! | ! ### #??## ###?????????????????????????? | | ! #####?# #### ##????????????????????????? | | #?????## ## < #????????????????????????? | | #??????## #????????????????????????? | | #???????## #????????????????????????? | | #????????## ## ##????????????????????????? | | #?????????###########?????????????????????????? | | ####?????????????????????????????????????????????? | | ?????????????????????????????????????????????????? | | | | | | | | | | | | | | | +----------------------------------------------------+ Best States ------------- Heat Dissipation 25 Energy Generation 14 Energy Capacity 250 Matter Stores 500 Matter Capacity 500 Sight Range 16 Terrain Scan Range 14 Terrain Scan Density 85 ECM Strength 1 Evasion (%) 50 Item Schematics ----------------- None Robot Schematics ------------------ None Fabricated ------------ Nothing Alien Tech Used ----------------- None Achievements -------------- First Step to Greatness One Hack Too Far Uninvited Guest Unlikely Earthworm Challenges ------------ None Game ------ Seed SigixTitaniumNanovents Manual? 0 Play Time 00:52:25 Cumulative 1.7 hours Start 2023.06.24 @ 21:53:11 End 2023.06.24 @ 22:51:28 Sessions 1 Manual Loads 0 Difficulty Rogue Special Mode None Game No. 1 Rogue 1 Adventurer 0 Explorer 0 Win Type - Total 0 Types 0/0/0/0/0/0/0/0/0 Lore% 0 Gallery% 3 Achievement% 1 Wizard Run 0 Options --------- ASCII 0 Keyboard 0 Movement Arrows Keybinds 0 Fullscreen 1 Font 18/X11 Map View 76x50 Tactical HUD 0 Map Filters NONE Filters NONE Steam 1 RUN: 799d37f4-39b7-4715-bc59-b9536164436e